[ AOE2 MATCH · #482228026 ]
UnrankedGurjaras vs Aztecs
Player's team · WIN
Rival team · LOSS
[ REPLAY ANALYSIS · EXTRACTED FROM THE RECORDED GAME ]
Feudal
11:17
Castle
30:00
Imperial
42:56
| APM avg | 23.3 |
| APM peak | 91 |
| eAPM avg | 10.1 |
| Villagers / military | 83 / 206 |
Focus
⚔️ 28.6% · 🌾 71.4%
Archer ×148 · Elephant Archer ×32 · Skirmisher ×10 · Chakram Thrower ×10 · Trebuchet (Packed) ×4 · Monk ×2
Feudal
10:02
Castle
30:35
Imperial
—
| APM avg | 16.7 |
| APM peak | 57 |
| eAPM avg | 11.1 |
| Villagers / military | 49 / 45 |
Focus
⚔️ 35.6% · 🌾 64.4%
Jaguar Warrior ×14 · Skirmisher ×12 · Militia ×9 · Spearman ×7 · Mangonel ×3
Match map
Initial resources + every placement click. Lines = walls · curves = elevation contours. ◆ gold · ⬟ stone · ● berries · ✦ relic · ◌ wall gap
Your base· Open — 4t gap
germanrgr's base· Open — unwalled flank
Smoothed initial terrain · ◌ = detected wall gap · hover for details
Inputs per minute
— Atesgecirmez - - germanrgr
Build order — Atesgecirmez
First 150 of 244 actions detected
| 0:02 | Build | House |
| 0:04 | Build | House |
| 0:06 | Create | Villager (Male) |
| 0:06 | Create | Villager (Male) |
| 0:07 | Create | Villager (Male) |
| 0:07 | Create | Villager (Male) |
| 0:33 | Build | Mill |
| 2:02 | Create | Villager (Male) ×2 |
| 2:03 | Create | Villager (Male) ×2 |
| 2:29 | Create | Villager (Male) |
| 3:06 | Create | Villager (Male) |
| 3:06 | Create | Villager (Male) |
| 3:06 | Create | Villager (Male) |
| 3:48 | Create | Villager (Male) |
| 3:48 | Create | Villager (Male) |
| 3:48 | Create | Villager (Male) |
| 3:54 | Build | House |
| 4:11 | Create | Villager (Male) |
| 4:12 | Create | Villager (Male) |
| 4:12 | Create | Villager (Male) |
| 4:59 | Build | Mill |
| 5:08 | Create | Villager (Male) |
| 5:08 | Create | Villager (Male) |
| 5:09 | Create | Villager (Male) |
| 6:15 | Build | House |
| 6:39 | Create | Villager (Male) |
| 6:53 | Build | Lumber Camp |
| 7:09 | Create | Villager (Male) |
| 7:09 | Create | Villager (Male) |
| 7:09 | Create | Villager (Male) |
| 7:41 | Build | Mining Camp |
| 8:32 | Build | Mining Camp |
| 8:42 | Research | Loom |
| 8:50 | Research | Feudal Age |
| 9:42 | Build | Barracks |
| 10:08 | Create | Villager (Male) |
| 10:08 | Create | Villager (Male) |
| 10:08 | Create | Villager (Male) |
| 10:08 | Create | Villager (Male) |
| 11:17 | Age | Feudal Age |
| 11:27 | Build | Archery Range |
| 12:10 | Build | House |
| 12:14 | Build | House |
| 12:16 | Research | Double-Bit Axe |
| 12:43 | Research | Wheelbarrow |
| 12:47 | Create | Archer |
| 12:47 | Create | Archer |
| 13:38 | Build | Archery Range |
| 13:43 | Create | Skirmisher |
| 13:44 | Create | Skirmisher |
| 13:55 | Create | Villager (Male) |
| 14:20 | Create | Skirmisher ×2 |
| 14:20 | Create | Skirmisher ×2 |
| 14:39 | Create | Villager (Male) |
| 14:40 | Create | Villager (Male) |
| 14:40 | Create | Villager (Male) |
| 14:48 | Create | Skirmisher |
| 14:49 | Create | Skirmisher ×3 |
| 15:27 | Create | Archer |
| 15:27 | Create | Archer |
| 15:35 | Create | Villager (Male) |
| 15:35 | Create | Villager (Male) |
| 15:35 | Create | Villager (Male) |
| 15:45 | Build | House |
| 15:55 | Build | Blacksmith |
| 16:03 | Build | House |
| 16:03 | Build | House |
| 16:03 | Build | House |
| 16:04 | Build | House |
| 16:18 | Create | Villager (Male) |
| 16:18 | Create | Villager (Male) |
| 16:19 | Create | Villager (Male) |
| 16:52 | Build | Farm |
| 17:00 | Create | Archer ×3 |
| 17:19 | Build | Farm |
| 17:33 | Build | Mining Camp |
| 18:01 | Build | House |
| 18:04 | Create | Archer ×3 |
| 18:04 | Create | Archer ×3 |
| 18:29 | Create | Villager (Male) |
| 18:29 | Create | Villager (Male) |
| 18:29 | Create | Villager (Male) |
| 18:33 | Build | Farm |
| 19:03 | Build | Farm |
| 19:16 | Create | Archer ×4 |
| 19:17 | Create | Archer ×4 |
| 19:38 | Create | Villager (Male) |
| 19:38 | Create | Villager (Male) |
| 19:47 | Build | House |
| 19:48 | Build | House |
| 19:49 | Build | House |
| 20:07 | Create | Villager (Male) |
| 20:07 | Create | Villager (Male) |
| 20:21 | Create | Archer ×5 |
| 20:21 | Create | Archer ×5 |
| 20:41 | Research | Fletching |
| 21:05 | Build | House |
| 21:06 | Build | House |
| 21:08 | Build | House |
| 21:09 | Build | House |
| 21:11 | Build | House |
| 21:24 | Create | Villager (Male) |
| 21:25 | Create | Villager (Male) |
| 21:51 | Build | Farm |
| 21:51 | Build | Farm |
| 21:51 | Build | Farm |
| 21:52 | Build | Farm |
| 21:52 | Build | Farm |
| 21:52 | Build | Farm |
| 21:52 | Build | Farm |
| 21:53 | Build | Farm |
| 21:53 | Build | Farm |
| 21:53 | Build | Farm |
| 21:54 | Build | Farm |
| 21:54 | Build | Farm |
| 21:58 | Create | Villager (Male) |
| 21:58 | Create | Villager (Male) |
| 22:25 | Build | Lumber Camp |
| 22:47 | Research | Horse Collar |
| 24:19 | Build | Farm |
| 24:31 | Create | Villager (Male) |
| 24:32 | Create | Villager (Male) |
| 24:32 | Create | Villager (Male) |
| 25:53 | Build | Farm |
| 25:53 | Build | Farm |
| 25:53 | Build | Farm |
| 25:53 | Build | Farm |
| 25:54 | Build | Farm |
| 25:54 | Build | Farm |
| 25:54 | Build | Farm |
| 25:55 | Build | Farm |
| 25:55 | Build | Farm |
| 25:55 | Build | Farm |
| 25:55 | Build | Farm |
| 25:56 | Build | Farm |
| 26:00 | Research | Padded Archer Armor |
| 27:20 | Research | Castle Age |
| 27:27 | Create | Archer ×5 |
| 27:27 | Create | Archer ×5 |
| 27:27 | Create | Archer ×5 |
| 27:28 | Create | Archer ×5 |
| 27:28 | Create | Archer ×5 |
| 27:28 | Create | Archer ×5 |
| 27:28 | Create | Archer ×3 |
| 29:35 | Build | Archery Range |
| 30:00 | Age | Castle Age |
| 30:11 | Build | Castle |
| 30:21 | Research | Bodkin Arrow |
| 30:39 | Research | Hand Cart |
| 30:51 | Research | Gold Mining |
Build order — germanrgr
First 150 of 185 actions detected
| 0:01 | Create | Villager (Male) |
| 0:01 | Create | Villager (Male) |
| 0:01 | Create | Villager (Male) |
| 0:02 | Create | Villager (Male) |
| 0:03 | Build | House |
| 0:05 | Build | House |
| 1:31 | Create | Villager (Male) |
| 1:31 | Create | Villager (Male) |
| 2:10 | Create | Villager (Male) |
| 2:10 | Create | Villager (Male) |
| 2:47 | Create | Villager (Male) |
| 2:47 | Create | Villager (Male) |
| 2:51 | Create | Villager (Male) |
| 2:52 | Create | Villager (Male) |
| 2:55 | Create | Villager (Male) |
| 2:55 | Create | Villager (Male) |
| 3:16 | Build | Lumber Camp |
| 3:44 | Build | House |
| 4:01 | Create | Villager (Male) |
| 4:20 | Create | Villager (Male) |
| 4:45 | Create | Villager (Male) |
| 4:53 | Create | Villager (Male) |
| 5:37 | Create | Villager (Male) |
| 5:39 | Research | Loom |
| 5:53 | Build | Mining Camp |
| 6:05 | Create | Villager (Male) |
| 6:30 | Research | Loom |
| 7:15 | Build | Barracks |
| 7:33 | Build | House |
| 7:38 | Build | Palisade Wall |
| 7:46 | Build | Palisade Wall |
| 7:52 | Research | Feudal Age |
| 8:10 | Create | Militia |
| 8:10 | Create | Militia |
| 8:27 | Build | Palisade Gate |
| 8:38 | Create | Militia |
| 8:39 | Create | Militia |
| 8:51 | Build | Mill |
| 9:03 | Create | Militia |
| 9:04 | Create | Militia |
| 9:21 | Create | Militia |
| 9:21 | Create | Militia |
| 9:57 | Create | Militia |
| 10:02 | Age | Feudal Age |
| 10:16 | Build | Blacksmith |
| 10:50 | Research | Man-at-Arms (upgrade) |
| 11:07 | Build | Palisade Wall |
| 11:12 | Build | Palisade Wall |
| 11:15 | Build | Palisade Wall |
| 11:18 | Build | Palisade Wall |
| 11:21 | Build | Palisade Wall |
| 11:35 | Research | Scale Mail Armor |
| 12:15 | Research | Forging |
| 13:08 | Build | Mill |
| 13:20 | Create | Villager (Male) |
| 13:20 | Create | Villager (Male) |
| 13:20 | Create | Villager (Male) |
| 13:29 | Build | House |
| 14:11 | Build | Mining Camp |
| 14:19 | Build | Palisade Wall |
| 14:23 | Build | Palisade Wall |
| 14:26 | Build | Palisade Wall |
| 15:51 | Create | Villager (Male) |
| 15:51 | Create | Villager (Male) |
| 16:40 | Create | Villager (Male) |
| 16:50 | Create | Villager (Male) |
| 17:05 | Build | Palisade Wall |
| 17:14 | Build | House |
| 17:45 | Build | Archery Range |
| 17:47 | Build | Mill |
| 18:27 | Create | Skirmisher |
| 18:27 | Create | Skirmisher |
| 18:28 | Create | Skirmisher |
| 18:28 | Create | Skirmisher |
| 18:28 | Create | Skirmisher |
| 18:34 | Build | House |
| 18:36 | Build | House |
| 18:48 | Create | Villager (Male) |
| 19:09 | Research | Horse Collar |
| 19:25 | Build | Palisade Wall |
| 19:40 | Build | House |
| 19:50 | Create | Skirmisher |
| 20:02 | Build | Palisade Wall |
| 20:21 | Build | Palisade Wall |
| 20:44 | Build | Farm |
| 20:45 | Build | Farm |
| 20:45 | Build | Farm |
| 20:45 | Build | Farm |
| 20:45 | Build | Farm |
| 20:46 | Build | Farm |
| 20:46 | Build | Farm |
| 20:46 | Build | Farm |
| 20:46 | Build | Farm |
| 21:11 | Research | Fletching |
| 22:01 | Build | Watch Tower |
| 22:14 | Build | Farm |
| 22:19 | Build | Farm |
| 22:45 | Build | Watch Tower |
| 23:18 | Build | Watch Tower |
| 23:25 | Build | Watch Tower |
| 23:38 | Build | Watch Tower |
| 24:06 | Build | Farm |
| 24:06 | Build | Farm |
| 24:34 | Build | Watch Tower |
| 26:12 | Build | Mill |
| 26:14 | Build | Farm |
| 26:14 | Build | Farm |
| 26:15 | Build | Farm |
| 26:16 | Build | Farm |
| 27:55 | Research | Castle Age |
| 29:34 | Build | Farm |
| 30:35 | Age | Castle Age |
| 30:55 | Create | Villager (Male) |
| 30:55 | Create | Villager (Male) |
| 31:11 | Build | Archery Range |
| 32:16 | Create | Skirmisher |
| 32:17 | Create | Skirmisher |
| 32:21 | Build | Farm |
| 32:31 | Build | Outpost |
| 32:35 | Create | Spearman |
| 32:52 | Build | Castle |
| 33:45 | Build | Castle |
| 33:48 | Create | Villager (Male) |
| 33:49 | Create | Villager (Male) |
| 34:03 | Create | Villager (Male) |
| 34:33 | Build | Palisade Wall |
| 34:44 | Build | Farm |
| 34:44 | Build | Farm |
| 34:45 | Build | Farm |
| 34:45 | Build | Farm |
| 34:46 | Build | Farm |
| 34:57 | Create | Villager (Male) |
| 35:25 | Create | Skirmisher |
| 35:25 | Create | Skirmisher |
| 36:05 | Build | Palisade Gate |
| 36:37 | Build | Farm |
| 36:42 | Create | Jaguar Warrior |
| 37:08 | Create | Jaguar Warrior |
| 37:08 | Create | Jaguar Warrior |
| 37:08 | Create | Jaguar Warrior |
| 37:08 | Create | Jaguar Warrior |
| 37:09 | Create | Jaguar Warrior |
| 37:09 | Create | Jaguar Warrior |
| 37:09 | Create | Jaguar Warrior |
| 37:10 | Create | Jaguar Warrior |
| 37:10 | Create | Jaguar Warrior |
| 37:10 | Create | Jaguar Warrior |
| 37:10 | Create | Jaguar Warrior |
| 38:49 | Build | Town Center |
| 39:02 | Create | Villager (Male) |
Match timeline
| 7:15 | germanrgr · first_building Barracks |
| 7:38 | germanrgr · wall_segment Palisade Wall x2 |
| 7:46 | germanrgr · wall_segment Palisade Wall x15 |
| 9:42 | Atesgecirmez · first_building Barracks |
| 10:02 | germanrgr · age_up feudal |
| 11:07 | germanrgr · wall_segment Palisade Wall x6 |
| 11:12 | germanrgr · wall_segment Palisade Wall x7 |
| 11:15 | germanrgr · wall_segment Palisade Wall x9 |
| 11:17 | Atesgecirmez · age_up feudal |
| 11:18 | germanrgr · wall_segment Palisade Wall x13 |
| 11:21 | germanrgr · wall_segment Palisade Wall x10 |
| 11:27 | Atesgecirmez · first_building Archery Range |
| 14:19 | germanrgr · wall_segment Palisade Wall x1 |
| 14:23 | germanrgr · wall_segment Palisade Wall x1 |
| 14:26 | germanrgr · wall_segment Palisade Wall x1 |
| 17:05 | germanrgr · wall_segment Palisade Wall x1 |
| 17:45 | germanrgr · first_building Archery Range |
| 19:25 | germanrgr · wall_segment Palisade Wall x1 |
| 20:02 | germanrgr · wall_segment Palisade Wall x1 |
| 20:21 | germanrgr · wall_segment Palisade Wall x1 |
| 30:00 | Atesgecirmez · age_up castle |
| 30:11 | Atesgecirmez · first_building Castle |
| 30:35 | germanrgr · age_up castle |
| 32:52 | germanrgr · first_building Castle |
| 34:33 | germanrgr · wall_segment Palisade Wall x1 |
| 35:17 | Atesgecirmez · first_building Stable |
| 36:09 | Atesgecirmez · first_building Monastery |
| 41:27 | germanrgr · first_building Siege Workshop |
| 42:56 | Atesgecirmez · age_up imperial |
| 43:02 | germanrgr · wall_segment Stone Wall x1 |
| 45:34 | germanrgr · resign |
[ AI ANALYSIS · 1 CREDIT ]
What really happened in this match?
Wolo.gg analyzes every decision: build order, eco, micro, common mistakes by bracket. Personalized analysis on WhatsApp or Discord in 30 seconds.
Civ guide
Gurjaras
Perfil
Atesgecirmez